 Dungeon Crawl Stone Soup version 0.29-a0-352-g0917bc69df (webtiles) character file.

Game seed: 11256025784457056954

4083 Querens the Thaumaturge (level 10, -3/58 HPs)
             Began as a Deep Elf Conjurer on Apr 23, 2022.
             Was a Priest of Vehumet.
             Slain by a hornet (12 damage)
             ... while paralysed by a hornet
             ... on level 8 of the Dungeon.
             The game lasted 00:29:11 (5106 turns).

Querens the Thaumaturge (Deep Elf Conjurer)         Turns: 5106, Time: 00:29:12

Health: -3/58      AC:  7    Str:  4    XL:     10   Next: 5%
Magic:  26/34      EV:  2    Int: 28    God:    Vehumet [***...]
Gold:   329        SH:  0    Dex: 17    Spells: 17/28 levels left

rFire   . . .      SeeInvis .   a - +5 flail (protect)
rCold   . . .      Faith    .   (no shield)
rNeg    . . .      Spirit   .   D - +1 leather armour of Subjectivity {Dex+4}
rPois   .          Reflect  .   (no helmet)
rElec   .          Harm     .   v - +1 cloak
rCorr   .          Rampage  .   (no gloves)
Will    +....                   c - +0 pair of boots
Stlth   ++........              (no amulet)
HPRegen 0.19/turn               m - ring of magical power
MPRegen 0.24/turn               (no ring)

@: paralysed, slowed
A: no striking features
a: Renounce Religion


You were on level 8 of the Dungeon.
You worshipped Vehumet.
Vehumet was most pleased with you.
You visited 2 branches of the dungeon, and saw 9 of its levels.
You also visited: Sewer and Ossuary.

You collected 419 gold pieces.
You spent 90 gold pieces at shops.

Inventory:

Hand Weapons
 a - a +5 flail of protection (weapon)
Missiles
 y - a curare-tipped dart
Armour
 c - a +0 pair of boots (worn)
 v - a +1 cloak (worn)
 D - the +1 leather armour of Subjectivity (worn) {Dex+4}
   (You found it on level 6 of the Dungeon)

   Dex:       It affects your dexterity (+4).
Jewellery
 m - a ring of magical power (left hand)
Wands
 d - a wand of flame (2)
 s - a wand of iceblast (5)
 u - a wand of digging (2)
 I - a wand of acid (12)
Scrolls
 e - 2 scrolls of vulnerability {unknown}
 g - 3 scrolls of enchant armour
 i - 4 scrolls of amnesia
 k - 2 scrolls of brand weapon {unknown}
 n - 4 scrolls of teleportation {unknown}
 o - 2 scrolls of fear {unknown}
 q - 3 scrolls of immolation {unknown}
 r - 2 scrolls of noise {unknown}
 t - 2 scrolls of magic mapping {unknown}
 w - 2 scrolls of fog {unknown}
 B - a scroll of summoning {unknown}
 C - a scroll of blinking {unknown}
 E - 6 scrolls of identify
 F - a scroll of enchant weapon {unknown}
 H - a scroll of torment {unknown}
Potions
 b - 3 potions of magic
 f - a potion of invisibility
 h - 4 potions of flight
 j - 2 potions of mutation
 l - 2 potions of might
 p - 2 potions of lignification
 x - a potion of resistance {unknown}
 z - 6 potions of curing
 A - 2 potions of heal wounds
 G - a potion of attraction {unknown}


   Skills:
 + Level 4.9 Fighting
 - Level 2.4 Dodging
 - Level 2.4 Stealth
 + Level 9.7 Spellcasting
 + Level 9.0 Conjurations
 + Level 6.5 Translocations
 + Level 6.5 Fire Magic


You had 17 spell levels left.
You knew the following spells:

 Your Spells              Type           Power      Damage    Failure   Level
a - Magic Dart            Conj           100%       1d8       1%          1
b - Searing Ray           Conj           100%       2d8       1%          2
c - Iskenderun's Mystic   Conj/Tloc      54%        2d12      1%          4
d - Flame Wave            Conj/Fire      55%        2d11      1%          4

Your spell library contained the following spells:

 Spells                   Type           Power      Damage    Failure   Level
 Stone Arrow              Conj/Erth      76%        3d11      1%          3
 Apportation              Tloc           100%       N/A       1%          1
 Foxfire                  Conj/Fire      100%       2x1d9     1%          1
 Conjure Flame            Conj/Fire      55%        6-21      1%          3
 Dazzling Flash           Conj/Hex       76%        N/A       1%          3
 Inner Flame              Hex/Fire       31%        N/A       1%          3
 Fulminant Prism          Conj/Hex       19%        3d11      3%          4
 Animate Skeleton         Necr           26%        N/A       8%          1
 Beastly Appendage        Tmut           26%        N/A       8%          1
 Pain                     Necr           52%        1d6       8%          1
 Summon Small Mammal      Summ           52%        N/A       8%          1
 Wereblood                Tmut           13%        N/A       11%         2
 Spider Form              Tmut/Pois      13%        N/A       22%         3
 Tukima's Dance           Hex            13%        N/A       22%         3
 Vampiric Draining        Necr           13%        2d6       22%         3
 Anguish                  Hex/Necr       6%         N/A       58%         4
 Enfeeble                 Hex            6%         N/A       100%        7


Dungeon Overview and Level Annotations

Branches:
Dungeon (8/15)             Temple (1/1) D:4           Sewer (visited)
Ossuary (visited)
   Lair: D:8-11

Altars:
Ashenzari
Cheibriados
Dithmenos
Gozag
Hepliaklqana
Kikubaaqudgha
Makhleb
Nemelex Xobeh
Okawaru
Qazlal
Ru
Sif Muna
Trog
Vehumet
Wu Jian
Xom
Yredelemnul
Zin
The Shining One

Annotations:
D:4 3 runed translucent doors, Morbidden's ghost, novice DsVM
D:5 2 runed translucent doors, MashaM's ghost, amateur MiFi


Message History

The mystic blast hits the water moccasin!!
You kill the water moccasin!
Vehumet accepts your kill.
You feel your power returning.
The mystic blast hits the wight.
The wight is severely damaged.
The wight is knocked back by the mystic blast.
An orc priest comes into view. It is wielding a +0 dagger.
Your life force feels restored.
Your Conjurations skill increases to level 9!
Unknown command.
Casting: Iskenderun's Mystic Blast (dangerous; 1% risk of failure)
Confirm with . or Enter, or press ? or * to list all spells.
You erupt in a blast of force!
The mystic blast hits the wight!
You destroy the wight!
Vehumet accepts your kill.
You feel your power returning.
The mystic blast hits the hornet!
The hornet is heavily wounded.
The hornet is knocked back by the mystic blast.
The hornet collides with the wight!
You destroy the wight!
Vehumet accepts your kill.
You feel your power returning.
The hornet is heavily wounded.
An orc comes into view. It is wielding a +0 short sword.
The orc priest calls down the wrath of Beogh upon you.
Beogh smites you!
The orc shouts!
Unknown command.
A wraith and 2 orc priests come into view.
The orc priest shouts!
The hornet stings you!
You feel yourself slow down.
Things that are here:
a +0 battleaxe; a +0 robe The hornet attacks as you move away!
The hornet closely misses you.
You feel yourself speed up. The hornet stings you!
You suddenly lose the ability to move!
The hornet stings you!
* * * LOW HITPOINT WARNING * * *
You feel yourself slow down. The hornet stings you!
You die...

### #<# #.#
#.# #.# #.###
#.#####
#.W...#@$...#
#...y###.#
#..).# #.)..#
#..oo.
#...o.#
#...#o#
#.#...#
###....


You could see a hornet, 3 orc priests and an orc.

Vanquished Creatures
  Pikel (D:6)
  Grinder (D:5)
  Prince Ribbit (D:5)
  Menkaure (D:6)
  Edmund (D:6)
  3 water moccasins
  Duvessa (D:7)
  2 ice beasts (D:7)
  2 sky beasts
  An ogre (D:5)
  A lemure (D:6)
  2 kobold brigands (Sewer)
  Blork the orc (D:6)
  A gnoll sergeant (D:5)
  4 scorpions (D:5)
  2 necrophages (D:6)
  Dowan (D:7)
  3 wights (D:8)
  A howler monkey (D:6)
  2 centaur zombies (Ossuary)
  8 hounds
  Crazy Yiuf (D:3)
  2 jellies
  4 orc priests
  A human zombie (Ossuary)
  3 iguanas
  3 orc wizards
  A statue (D:4)
  3 ogre zombies (Ossuary)
  7 mummies (Ossuary)
  13 gnolls
  10 adders
  2 river rats (Sewer)
  2 shadow imps
  A white imp (D:6)
  An ufetubus (D:7)
  4 adder zombies (Ossuary)
  2 worms
  A dart slug (D:1)
  21 orcs
  8 endoplasms
  6 giant cockroaches
  14 goblins
  4 hobgoblins
  A jackal (Sewer)
  10 kobolds
  3 quokkas
  4 ball pythons
  5 bats
  2 frilled lizards
  2 gnoll zombies (Ossuary)
  A goblin zombie (Ossuary)
  2 hobgoblin zombies (Ossuary)
  10 kobold zombies (Ossuary)
  A quokka zombie (Ossuary)
  14 rats
  4 rat zombies (Ossuary)
213 creatures vanquished.

Vanquished Creatures (others)
  2 plants (D:1)
2 creatures vanquished.

Grand Total: 215 creatures vanquished

Notes
Turn   | Place    | Note
-------+----------+-------------------------------------------
     0 | D:1      | Querens the Deep Elf Conjurer began the quest for the Orb.
     0 | D:1      | Reached XP level 1. HP: 10/10 MP: 6/6
   293 | D:1      | Reached XP level 2. HP: 15/15 MP: 2/8
   384 | D:1      | Learned a level 2 spell: Searing Ray
   643 | D:2      | Reached skill level 5 in Conjurations
   643 | D:2      | Reached XP level 3. HP: 19/19 MP: 0/10
   971 | D:2      | Reached XP level 4. HP: 24/24 MP: 12/12
  1511 | D:3      | Reached skill level 5 in Spellcasting
  1523 | D:3      | Reached XP level 5. HP: 18/28 MP: 13/15
  1563 | D:3      | Learned a level 4 spell: Iskenderun's Mystic Blast
  1568 | D:3      | Learned a level 4 spell: Flame Wave
  1572 | D:3      | Found a hazy altar of Hepliaklqana.
  1698 | D:3      | Found a shadowy altar of Dithmenos.
  1699 | D:3      | Found a basalt altar of Yredelemnul.
  1700 | D:3      | Found a shimmering altar of Xom.
  1700 | D:3      | Found a sacrificial altar of Ru.
  2055 | D:3      | Found an ornate altar of the Wu Jian Council.
  2096 | D:3      | Found an iron altar of Okawaru.
  2140 | D:3      | Found a runed translucent door.
  2141 | D:3      | Noticed Crazy Yiuf
  2148 | D:3      | Killed Crazy Yiuf
  2149 | D:3      | Reached skill level 1 in Translocations
  2149 | D:3      | Reached skill level 1 in Fire Magic
  2446 | D:4      | Reached XP level 6. HP: 27/33 MP: 16/16
  2509 | D:4      | Reached skill level 1 in Fighting
  2600 | D:4      | Found a staircase to the Ecumenical Temple.
  2609 | Temple   | Entered the Ecumenical Temple
  2741 | D:4      | Found a runed translucent gate.
  2741 | D:4      | Found a runed translucent gate.
  2744 | D:4      | Found a runed translucent gate.
  2767 | D:4      | Found a radiant altar of Vehumet.
  2780 | D:4      | Became a worshipper of Vehumet
  2795 | D:4      | Found an opulent altar of Gozag.
  2797 | D:4      | Noticed Morbidden's ghost (novice DsVM)
  2798 | D:4      | Noticed an orc warrior
  2877 | D:5      | Entered Level 5 of the Dungeon
  2877 | D:5      | Noticed Grinder
  2903 | D:5      | Noticed a water moccasin
  2910 | D:4      | Killed a water moccasin
  2911 | D:4      | Reached XP level 7. HP: 11/39 MP: 7/18
  3016 | D:5      | Found Zin's Purification Station.
  3018 | D:5      | Found a glowing silver altar of Zin.
  3019 | D:5      | Noticed Prince Ribbit
  3037 | D:5      | Killed Prince Ribbit
  3048 | D:5      | Bought a potion of curing for 90 gold pieces
  3105 | D:5      | Found a large runed translucent door.
  3105 | D:5      | Found a large runed translucent door.
  3109 | D:5      | Noticed MashaM's ghost (amateur MiFi)
  3165 | D:5      | Reached XP level 8. HP: 28/45 MP: 14/20
  3174 | D:5      | Reached * piety under Vehumet
  3174 | D:5      | Offered knowledge of Sandblast by Vehumet.
  3196 | D:5      | Killed Grinder
  3315 | D:5      | Found a glowing drain.
  3332 | Sewer    | Entered a sewer
  3420 | Sewer    | Found a white marble altar of Elyvilon.
  3708 | D:6      | Identified the +1 leather armour of Subjectivity {Dex+4}
  3791 | D:6      | Noticed Menkaure
  3795 | D:6      | Killed Menkaure
  3818 | D:6      | Noticed Blork the orc
  3824 | D:6      | Killed Blork the orc
  3857 | D:6      | Noticed Pikel
  3866 | D:6      | Killed Pikel
  3867 | D:6      | Reached skill level 5 in Translocations
  3867 | D:6      | Reached skill level 5 in Fire Magic
  3867 | D:6      | Reached XP level 9. HP: 45/52 MP: 8/23
  4013 | D:6      | Noticed Edmund
  4021 | D:6      | Killed Edmund
  4078 | D:6      | Offered knowledge of Poisonous Vapours by Vehumet.
  4080 | D:6      | Reached ** piety under Vehumet
  4217 | D:7      | Found a shimmering blue altar of Sif Muna.
  4283 | D:7      | Found a sand-covered staircase.
  4296 | Ossuary  | Entered an ossuary
  4607 | Ossuary  | Offered knowledge of Stone Arrow by Vehumet.
  4989 | D:7      | Noticed Dowan
  4991 | D:7      | Noticed Duvessa
  4999 | D:7      | Killed Duvessa
  4999 | D:7      | Reached *** piety under Vehumet
  5000 | D:7      | Killed Dowan
  5101 | D:8      | Reached XP level 10. HP: 58/58 MP: 25/25
  5105 | D:8      | Paralysed by a hornet for 2 turns
  5106 | D:8      | Slain by a hornet

Illustrated notes

Levels and vault maps discovered:
D:1:      dpeg_arrival_windows_large_door, layout_loops_ring, serial_forest,
          infiniplex_forest_clump_diagonal, infiniplex_forest_clump_medium,
          infiniplex_forest_lined_2, infiniplex_forest_clump_diagonal,
          infiniplex_forest_clump_medium, infiniplex_forest_clump_double,
          infiniplex_forest_join, infiniplex_forest_zigzag_2,
          infiniplex_forest_end_1, st_stairs_13, minmay_ruptured
D:2:      layout_basic, minmay_tall_x
D:3:      layout_basic, mainiacjoe_overflow_alcove_3,
          mainiacjoe_overflow_concentric_impassable,
          mainiacjoe_overflow_catch_the_wave, minmay_misc_feat_iff,
          uniq_crazy_yiuf_cottage
D:4:      layout_cave_pools, vehumet_statue,
          minmay_temple_entry_statues_pillars, ebering_ghost_gozag,
          minmay_misc_feat_tiny
D:5:      layout_cave_pools, zin_purify, gup_sewer_entry_glass,
          ebering_ghost_disaster_area, uniq_prince_ribbit1, uniq_grinder
D:6:      layout_basic, uniq_menkaure, uniq_edmund, uniq_pikel,
          uniq_blork_the_orc
D:7:      layout_basic, mainiacjoe_overflow_surrounded_room,
          nicolae_ossuary_entry_monument, uniq_duvessa
D:8:      layout_basic, jmf_multi_god_temple2, grunt_decor_resistance,
          kennysheep_generic_room_12
Temple:   jpeg_temple_island

Skill      XL: |  1  2  3  4  5  6  7  8  9 10 |
---------------+-------------------------------+-----
Spellcasting   | 4 5 6 7 8 9 |  9.7
Conjurations   | 5 6 7 8 9 |  9.0
Translocations | 1 2 3 5 6 |  6.5
Fire Magic     | 1 2 3 5 6 |  6.5
Fighting       | 1 2 4 |  4.9
Dodging        | |  2.4
Stealth        | |  2.4

Action                   |  1- 3 |  4- 6 |  7- 9 | 10-12 || total
-------------------------+-------+-------+-------+-------++-------
Melee: Unarmed           |    11 |       |       |       ||    11
       Dagger            |       |    10 |     9 |       ||    19
       Flail             |       |       |   101 |       ||   101
 Cast: Magic Dart        |    53 |    30 |    25 |       ||   108
       Searing Ray       |     6 |    27 |    46 |       ||    79
       Iskenderun's Myst |       |     5 |    36 |     2 ||    43
  Use: Scroll            |       |       |     8 |       ||     8
       Potion            |       |       |     1 |       ||     1
 Stab: Sleeping          |       |     2 |    13 |       ||    15
Armor: Robe              |     3 |     9 |     7 |       ||    19
       Leather armour    |       |       |    69 |       ||    69
Dodge: Dodged            |     6 |    13 |    91 |     1 ||   111

Table legend: (Time is in decaauts)
 A = Elapsed time spent in this place.
 B = Non-inter-level travel time spent in this place.
 C = Inter-level travel time spent in this place.
 D = Time resting spent in this place.
 E = Time spent auto-exploring this place.
 F = Levels seen in this place.
 G = Mean time per level.
                   A        B        C        D        E       F      G
               +--------+--------+--------+--------+--------+-----+--------+
         Total |   5172 |   4617 |    555 |      9 |     65 |  11 |  470.2 |
       Dungeon |   4443 |   3907 |    536 |      9 |      0 |   8 |  555.4 |
        Temple |    104 |     85 |     19 |      0 |     65 |   1 |  104.0 |
         Sewer |    156 |    156 |      0 |      0 |      0 |   1 |  156.0 |
       Ossuary |    467 |    467 |      0 |      0 |      0 |   1 |  467.0 |
               +--------+--------+--------+--------+--------+-----+--------+

Top non-repeatable levels by time:
     D:2: 890 daAuts
     D:3: 884 daAuts
     D:6: 620 daAuts
     D:1: 612 daAuts
     D:4: 493 daAuts
     D:7: 470 daAuts
 Ossuary: 467 daAuts
     D:5: 460 daAuts
   Sewer: 156 daAuts
  Temple: 104 daAuts
     D:8: 12 daAuts
